 Dungeon Crawl Stone Soup version 0.19-a0-1686-g35356ef (webtiles) character file.

19 sveltemanboy the Skirmisher (level 2, -5/24 HPs)
             Began as a Demonspawn Monk on Sept 25, 2016.
             Slain by Sigmund
             ... wielding a +0 scythe
              (8 damage)
             ... on level 2 of the Dungeon.
             The game lasted 00:02:20 (974 turns).

sveltemanboy the Skirmisher (Demonspawn Monk)        Turns: 974, Time: 00:02:21

Health: -5/24      AC:  6    Str: 16    XL:     2   Next: 55%
Magic:  2/2        EV: 12    Int: 11    God:
Gold:   56         SH:  0    Dex: 15    Spells: 0 memorised, 1 level left

rFire  . . .     SeeInvis .     k - +1 whip (elec)
rCold  . . .     Gourm    .     h - +0 ring mail
rNeg   . . .     Faith    .     (no shield)
rPois  .         Spirit   .     (no helmet)
rElec  .         Dismiss  +     (no cloak)
rCorr  .         Reflect  .     (no gloves)
MR     .....     Harm     .     (no boots)
Stlth  +.........               c - amulet of dismissal
                                (no ring)
                                (no ring)

@: mighty, flying, very slightly contaminated, invisible
A: talons 1
a: no special abilities


You were on level 2 of the Dungeon.
You were not hungry.

You visited 1 branch of the dungeon, and saw 2 of its levels.

You collected 56 gold pieces.

Inventory:

Hand Weapons
 k - a +1 whip of electrocution (weapon)
Missiles
 d - 51 stones (quivered)
Armour
 h - a +0 ring mail (worn)
Jewellery
 c - an amulet of dismissal (around neck)
Scrolls
 i - a scroll of random uselessness {unknown}
 j - a scroll of teleportation {unknown}
 l - a scroll of magic mapping {unknown}
 m - 3 scrolls of recharging {unknown}
 o - a scroll of identify {unknown}
Books
 n - a book of Frost

   Spells                             Type                      Level
   a - Freeze                         Ice                          1
   b - Throw Frost                    Conjuration/Ice              2
   c - Ozocubu's Armour               Charms/Ice                   3
   d - Throw Icicle                   Conjuration/Ice              4
   e - Summon Ice Beast               Ice/Summoning                4
Comestibles
 b - a bread ration
 g - a meat ration


   Skills:
 - Level 3.1 Fighting
 * Level 1.0 Maces & Flails
 + Level 0.6 Armour
 - Level 3.0 Dodging
 - Level 1.7 Stealth
 - Level 2.6 Unarmed Combat


You had one spell level left.
You didn't know any spells.

Dungeon Overview and Level Annotations

Branches:
Dungeon (2/15)

Altars:
Nemelex Xobeh
The Shining One

Annotations:
D:2 Sigmund


Innate Abilities, Weirdness & Mutations

You have sharp toenails.


Message History

You barely miss the leopard gecko. You claw the leopard gecko.
The leopard gecko is severely wounded.
The leopard gecko closely misses you.
You whack the leopard gecko!
You kill the leopard gecko!
You catch the helpless worm completely off-guard!
You whack the worm!
There is a sudden explosion of sparks!
You claw the worm.
You kill the worm!
Your Maces & Flails skill increases to level 1!
Something hits you but does no damage.
Things that are here:
a worm corpse; a leopard gecko corpse You barely miss something.
You claw something. Something hits you!
* * * LOW HITPOINT WARNING * * *
You hit something. You claw something! You whack something! Something hits you.
* * * LOW HITPOINT WARNING * * *
Your ring mail prevents you from hitting something.
Your kick misses something. Something hits you!
You die...

##...{. ......
#.#.#####.#
#..)......#
#.#.## #
#..#w##
#.##.###.##
#...## ##†#
#..#.###@##
.#..#..#..#
...........#
#.##.#####.#
#.#. #. #..#
... #.# #.
##..###### #.#
#.#
#.###.........
#.# #[#
#.....#..#####
##.#####
#.#.#####..#..#
... ..


There were no monsters in sight!

Vanquished Creatures
  A worm (D:2)
  2 leopard geckos (D:2)
  2 goblins
  3 hobgoblins
  2 kobolds (D:1)
  3 bats
  A rat (D:1)
14 creatures vanquished.

Notes
Turn   | Place    | Note
-------+----------+-------------------------------------------
     0 | D:1      | sveltemanboy the Demonspawn Monk began the quest for the Orb.
     0 | D:1      | Reached XP level 1. HP: 18/18 MP: 1/1
   132 | D:1      | Found a sparkling altar of Nemelex Xobeh.
   581 | D:1      | Gained mutation: You have sharp toenails. [demonic ancestry]
   581 | D:1      | Reached XP level 2. HP: 24/24 MP: 2/2
   887 | D:2      | Found a glowing golden altar of the Shining One.
   954 | D:2      | Noticed Sigmund
   968 | D:2      | Reached skill level 1 in Maces & Flails
   974 | D:2      | Slain by Sigmund

Vault maps used:
D:1:      evilmike_arrival_hilbert_curve, minivault_26, minivault_27,
          nemelex_xobeh_ov_fountains_minmay
D:2:      tso_metal_star, lemuel_crystal_altar, lemuel_doored_altar,
          uniq_sigmund

Skill      XL: |  1  2 |
---------------+-------+-----
Dodging        | 3 |  3.0
Maces & Flails | 1 |  1.0
Fighting       | |  3.1
Armour         | |  0.6
Stealth        | |  1.7
Unarmed Combat | |  2.6

Action                   || total
-------------------------++-------
Melee: Unarmed           ||    22
       Whip              ||    31
       Kick              ||     8
  Use: Potion            ||     3
 Stab: Sleeping          ||     1
       Invisible         ||     1
Armor: Ring mail         ||    15
       Robe              ||     3
Dodge: Dodged            ||    32
